TOP OF THE 1ST |
Colorado Buffaloes batting - Pitching for Oklahoma State Cowboys : RHP Ron Owen
|
Pitching: RHP Ron Owen
|
|
Batting: RHB Eddie Woods
|
0-0: Ball 1-0: Bunt missed! 1-1: Ball 2-1: Called Strike 2-2: Foul Ball, location: 2F 2-2: Reached on Error, E7 (Flyball, 78M)
|
Batting: LHB Marcos Fontanez
|
0-0: Foul Ball, location: 2F 0-1: Ball 1-1: Ball Eddie Woods steals 2nd base 2-1: Foul Ball, location: 2F 2-2: Foul Ball, location: 2F 2-2: Fly out, F5 (Popup, 5F)
|
Batting: RHB Bill Spence
|
0-0: Ball 1-0: SINGLE (Line Drive, 4D) Eddie Woods to third
|
Batting: LHB Ethan Shaw
|
0-0: Ball 1-0: Ball 2-0: Foul Ball, location: 2F 2-1: DOUBLE (Line Drive, 9D) Eddie Woods scores Bill Spence to third
|
Batting: LHB Mark Spencer
|
0-0: Ball 1-0: Called Strike 1-1: Called Strike 1-2: Fly out, F8 (Flyball, 8LM) Runner from 3rd tags up, SCORES, throw made
|
Batting: RHB John Jones
|
0-0: Ball 1-0: Ball 2-0: Called Strike 2-1: Called Strike 2-2: Foul Ball, location: 2F 2-2: Ball 3-2: Ground out 4-3 (Groundball, 4)
|
Top of the 1st over - 2 run(s), 2 hit(s), 1 error(s), 1 left on base; Colorado 2 - Oklahoma State 0 |
BOTTOM OF THE 1ST |
Oklahoma State Cowboys batting - Pitching for Colorado Buffaloes : RHP Wyatt Anderson
|
Pitching: RHP Wyatt Anderson
|
|
Batting: LHB César Colón
|
0-0: Called Strike 0-1: Ball 1-1: Ball 2-1: Foul Ball, location: 2F 2-2: Strikes out swinging
|
Batting: RHB Augusto Padilla
|
0-0: Ball 1-0: Called Strike 1-1: Foul Ball, location: 2F 1-2: Ball 2-2: Foul Ball, location: 2F 2-2: Foul Ball, location: 2F 2-2: Foul Ball, location: 2F 2-2: Ball 3-2: Foul Ball, location: 2F 3-2: Foul Ball, location: 2F 3-2: Foul Ball, location: 2F 3-2: Strikes out swinging
|
Batting: LHB Bill Bryan
|
0-0: Ball 1-0: Foul Ball, location: 2F 1-1: Ball 2-1: Called Strike 2-2: Ball 3-2: Foul Ball, location: 2F 3-2: Foul Ball, location: 2F 3-2: Base on Balls
|
Batting: RHB John Lynch
|
0-0: Called Strike 0-1: Ball 1-1: Ball 2-1: Ball 3-1: Foul Ball, location: 2F 3-2: Base on Balls Bill Bryan to second
|
Batting: LHB Cristián Rodríguez
|
0-0: Ball 1-0: Called Strike 1-1: Fly out, F6 (Popup, 6)
|
Bottom of the 1st over - 0 run(s), 0 hit(s), 0 error(s), 2 left on base; Colorado 2 - Oklahoma State 0 |
TOP OF THE 2ND |
Colorado Buffaloes batting - Pitching for Oklahoma State Cowboys : RHP Ron Owen
|
Batting: LHB Jack Jefferson
|
0-0: Swinging Strike 0-1: Swinging Strike 0-2: Foul Ball, location: 2F 0-2: Strikes out looking
|
Batting: SHB Caleb Hart
|
0-0: Called Strike 0-1: Ball 1-1: Called Strike 1-2: Strikes out swinging
|
Batting: RHB Roger Lamb
|
0-0: Ball 1-0: Called Strike 1-1: Fly out, F6 (Line Drive, 6M)
|
Top of the 2nd over - 0 run(s), 0 hit(s), 0 error(s), 0 left on base; Colorado 2 - Oklahoma State 0 |
BOTTOM OF THE 2ND |
Oklahoma State Cowboys batting - Pitching for Colorado Buffaloes : RHP Wyatt Anderson
|
Batting: LHB Horace Kramer
|
0-0: Ball 1-0: Called Strike 1-1: Ball 2-1: Ball 3-1: Fly out, F6 (Popup, 56D)
|
Batting: RHB Ryan Williams
|
0-0: Called Strike 0-1: Ball 1-1: Ball 2-1: Swinging Strike 2-2: Ball 3-2: Foul Ball, location: 2F 3-2: Foul Ball, location: 2F 3-2: SINGLE (Line Drive, 56D)
|
Batting: RHB Joe Sulley
|
0-0: Ball 1-0: Ball 2-0: Ball 3-0: Base on Balls Ryan Williams to second
|
Batting: LHB Bryan Davis
|
0-0: Ball 1-0: Foul Ball, location: 2F 1-1: Swinging Strike 1-2: Grounds into double play, 6-4-3 (Groundball, 6)
|
Bottom of the 2nd over - 0 run(s), 1 hit(s), 0 error(s), 1 left on base; Colorado 2 - Oklahoma State 0 |
TOP OF THE 3RD |
Colorado Buffaloes batting - Pitching for Oklahoma State Cowboys : RHP Ron Owen
|
Batting: RHB Eddie Woods
|
0-0: Bunted foul 0-1: Ball 1-1: Called Strike 1-2: Ball 2-2: Foul Ball, location: 2F 2-2: Foul Ball, location: 2F 2-2: Ball 3-2: Foul Ball, location: 2F 3-2: Base on Balls
|
Batting: LHB Marcos Fontanez
|
0-0: Ball 1-0: Reached on error, E5 (Groundball, 56) Eddie Woods to second
|
Batting: RHB Bill Spence
|
0-0: Fly out, F8 (Flyball, 8RXD) Runner from 2nd tags up, SAFE at 3rd, no throw
|
Batting: LHB Ethan Shaw
|
0-0: Ball 1-0: Called Strike 1-1: Called Strike 1-2: Fly out, F6 (Popup, 6MD)
|
Batting: LHB Mark Spencer
|
0-0: Fly out, F7 (Flyball, 7M)
|
Top of the 3rd over - 0 run(s), 0 hit(s), 1 error(s), 2 left on base; Colorado 2 - Oklahoma State 0 |
BOTTOM OF THE 3RD |
Oklahoma State Cowboys batting - Pitching for Colorado Buffaloes : RHP Wyatt Anderson
|
Batting: LHB César Colón
|
0-0: Ball 1-0: Foul Ball, location: 2F 1-1: Swinging Strike 1-2: DOUBLE (Line Drive, 7LM)
|
Batting: RHB Augusto Padilla
|
0-0: Called Strike 0-1: Called Strike 0-2: Ball 1-2: Ball 2-2: Ball 3-2: Foul Ball, location: 2F 3-2: Base on Balls
|
Batting: LHB Bill Bryan
|
0-0: Foul Ball, location: 2F 0-1: Ball 1-1: Foul Ball, location: 2F 1-2: Grounds into double play, 1-6-3 (Groundball, 15) César Colón to third
|
Batting: RHB John Lynch
|
0-0: Ball 1-0: Fly out, F7 (Line Drive, 78M)
|
Bottom of the 3rd over - 0 run(s), 1 hit(s), 0 error(s), 1 left on base; Colorado 2 - Oklahoma State 0 |
TOP OF THE 4TH |
Colorado Buffaloes batting - Pitching for Oklahoma State Cowboys : RHP Ron Owen
|
Batting: RHB John Jones
|
0-0: Ball 1-0: Foul Ball, location: 2F 1-1: SOLO HOME RUN (Line Drive, 7LD), Distance : 331 ft
|
Batting: LHB Jack Jefferson
|
0-0: Ground out 6-3 (Groundball, 6M)
|
Batting: SHB Caleb Hart
|
0-0: Ball 1-0: Called Strike 1-1: Ball 2-1: Called Strike 2-2: Ball 3-2: Foul Ball, location: 2F 3-2: Base on Balls
|
Batting: RHB Roger Lamb
|
0-0: Called Strike 0-1: Grounds into double play, 6-4-3 (Groundball, 6)
|
Top of the 4th over - 1 run(s), 1 hit(s), 0 error(s), 0 left on base; Colorado 3 - Oklahoma State 0 |
BOTTOM OF THE 4TH |
Oklahoma State Cowboys batting - Pitching for Colorado Buffaloes : RHP Wyatt Anderson
|
Batting: LHB Cristián Rodríguez
|
0-0: Called Strike 0-1: Fly out, F8 (Flyball, 8LM)
|
Batting: LHB Horace Kramer
|
0-0: Called Strike 0-1: Foul Ball, location: 2F 0-2: Strikes out looking
|
Batting: RHB Ryan Williams
|
0-0: Ball 1-0: Ground out 1-3 (Groundball, 13)
|
Bottom of the 4th over - 0 run(s), 0 hit(s), 0 error(s), 0 left on base; Colorado 3 - Oklahoma State 0 |
TOP OF THE 5TH |
Colorado Buffaloes batting - Pitching for Oklahoma State Cowboys : RHP Ron Owen
|
Batting: RHB Eddie Woods
|
0-0: Ball 1-0: Ball 2-0: Bunt for hit - play at first, batter OUT! 1-3
|
Batting: LHB Marcos Fontanez
|
0-0: Foul Ball, location: 2F 0-1: Ball 1-1: Ball 2-1: Ball 3-1: Base on Balls
|
Batting: RHB Bill Spence
|
0-0: Ball 1-0: Ball 2-0: Fly out, F8 (Flyball, 8RM)
|
Pitching: LHP Alan Stewart
|
|
Batting: LHB Ethan Shaw
|
0-0: Ball 1-0: Called Strike 1-1: Swinging Strike 1-2: Hit by Pitch Marcos Fontanez to second
|
Batting: LHB Mark Spencer
|
0-0: Foul Ball, location: 2F 0-1: Ball 1-1: Ball 2-1: Swinging Strike 2-2: Fly out, F6 (Popup, 6D)
|
Top of the 5th over - 0 run(s), 0 hit(s), 0 error(s), 2 left on base; Colorado 3 - Oklahoma State 0 |
BOTTOM OF THE 5TH |
Oklahoma State Cowboys batting - Pitching for Colorado Buffaloes : RHP Wyatt Anderson
|
Batting: RHB Joe Sulley
|
0-0: Ball 1-0: Fly out, F7 (Flyball, 78M)
|
Pitching: LHP Marc Fontenot
|
|
Batting: LHB Bryan Davis
|
0-0: Ball 1-0: Ball 2-0: Called Strike 2-1: Foul Ball, location: 2F 2-2: Ball 3-2: SINGLE (Groundball, 6MD)
|
Batting: LHB César Colón
|
0-0: Called Strike 0-1: Ball 1-1: Fly out, F8 (Flyball, 8RM)
|
Batting: RHB Augusto Padilla
|
0-0: Foul Ball, location: 2F 0-1: Called Strike 0-2: Ball 1-2: Ball 2-2: Foul Ball, location: 2F 2-2: SINGLE (Groundball, 34D) Bryan Davis to second Runner from 2nd tries for 3rd, SAFE, throw made to third
|
Batting: LHB Bill Bryan
|
0-0: Ball 1-0: Fly out, F6 (Line Drive, 6M)
|
Bottom of the 5th over - 0 run(s), 2 hit(s), 0 error(s), 2 left on base; Colorado 3 - Oklahoma State 0 |
TOP OF THE 6TH |
Colorado Buffaloes batting - Pitching for Oklahoma State Cowboys : LHP Alan Stewart
|
Batting: RHB John Jones
|
0-0: Ball 1-0: Foul Ball, location: 2F 1-1: Ball 2-1: Called Strike 2-2: Ball 3-2: DOUBLE (Flyball, 78D)
|
Batting: LHB Jack Jefferson
|
0-0: SINGLE (Line Drive, 89M) John Jones to third Runner from 3rd tries for Home, SAFE, throw made home Jack Jefferson to second
|
Batting: SHB Caleb Hart
|
0-0: Called Strike 0-1: Swinging Strike 0-2: Ball 1-2: Strikes out swinging
|
Batting: RHB Roger Lamb
|
0-0: Called Strike 0-1: Foul Ball, location: 2F 0-2: Reached on Error, E9 (Flyball, 89M) Jack Jefferson to third
|
Batting: RHB Eddie Woods
|
0-0: Called Strike 0-1: Foul Ball, location: 2F 0-2: Strikes out swinging Roger Lamb steals 2nd base Batter strikes out.
|
Batting: LHB Marcos Fontanez
|
0-0: Swinging Strike 0-1: Ball 1-1: Called Strike 1-2: Fly out, F7 (Flyball, 7LSF)
|
Top of the 6th over - 1 run(s), 2 hit(s), 1 error(s), 2 left on base; Colorado 4 - Oklahoma State 0 |
BOTTOM OF THE 6TH |
Oklahoma State Cowboys batting - Pitching for Colorado Buffaloes : LHP Marc Fontenot
|
Batting: RHB John Lynch
|
0-0: Ball 1-0: Foul Ball, location: 2F 1-1: Foul Ball, location: 2F 1-2: Strikes out swinging
|
Batting: LHB Cristián Rodríguez
|
0-0: Called Strike 0-1: Ball 1-1: Foul Ball, location: 2F 1-2: Foul Ball, location: 2F 1-2: Fly out, F3 (Popup, 3DF)
|
Batting: LHB Horace Kramer
|
0-0: Fly out, F9 (Flyball, 89M)
|
Bottom of the 6th over - 0 run(s), 0 hit(s), 0 error(s), 0 left on base; Colorado 4 - Oklahoma State 0 |
TOP OF THE 7TH |
Colorado Buffaloes batting - Pitching for Oklahoma State Cowboys : LHP Alan Stewart
|
Batting: RHB Bill Spence
|
0-0: Ball 1-0: Swinging Strike 1-1: Ball 2-1: Ball 3-1: Base on Balls
|
Pitching: RHP Ken Burnett
|
|
Batting: LHB Ethan Shaw
|
0-0: Ball 1-0: Ball 2-0: Ball 3-0: Base on Balls Bill Spence to second
|
Batting: LHB Mark Spencer
|
0-0: Ball 1-0: Ball 2-0: Ball 3-0: Called Strike 3-1: Base on Balls Bill Spence to third Ethan Shaw to second
|
Batting: RHB John Jones
|
0-0: Ball 1-0: Called Strike 1-1: Ball 2-1: Swinging Strike 2-2: GRAND SLAM HOME RUN (Flyball, 78XD), Distance : 372 ft
|
Pitching: RHP Ryan Park
|
|
Batting: LHB Jack Jefferson
|
0-0: Ball 1-0: Ball 2-0: Foul Ball, location: 2F 2-1: Ball 3-1: Base on Balls
|
Batting: SHB Caleb Hart
|
0-0: Ball 1-0: Sac Bunt - play at first, batter OUT! 1-4 Jack Jefferson to second
|
Batting: RHB Roger Lamb
|
0-0: Ball Wild Pitch! Jack Jefferson to third 1-0: Ball 2-0: Called Strike 2-1: Ball 3-1: Foul Ball, location: 2F 3-2: Base on Balls
|
Batting: RHB Eddie Woods
|
0-0: Ball 1-0: Ball Roger Lamb is caught stealing 2nd base 2-0: Called Strike 2-1: Ball 3-1: Base on Balls
|
Batting: LHB Marcos Fontanez
|
0-0: Fly out, F6 (Popup, 5DF)
|
Top of the 7th over - 4 run(s), 1 hit(s), 0 error(s), 2 left on base; Colorado 8 - Oklahoma State 0 |
BOTTOM OF THE 7TH |
Oklahoma State Cowboys batting - Pitching for Colorado Buffaloes : LHP Marc Fontenot
|
Batting: RHB Ryan Williams
|
0-0: Ground out 1-3 (Groundball, 13)
|
Pitching: LHP Matt McDonald
|
|
Batting: RHB Joe Sulley
|
0-0: Ball 1-0: Ball 2-0: Ball 3-0: Base on Balls
|
Batting: LHB Bryan Davis
|
0-0: Ball 1-0: Called Strike 1-1: Ball 2-1: DOUBLE (Line Drive, 7LM) Joe Sulley to third
|
Batting: LHB César Colón
|
0-0: Ball 1-0: Called Strike 1-1: Ground out U3 (Groundball, 3S)
|
Batting: RHB Augusto Padilla
|
0-0: Ball 1-0: Swinging Strike 1-1: Fly out, F7 (Flyball, 78M)
|
Bottom of the 7th over - 0 run(s), 1 hit(s), 0 error(s), 2 left on base; Colorado 8 - Oklahoma State 0 |
TOP OF THE 8TH |
Colorado Buffaloes batting - Pitching for Oklahoma State Cowboys : RHP Ryan Park
|
Batting: RHB Bill Spence
|
0-0: Ball 1-0: Ball 2-0: Swinging Strike 2-1: Called Strike 2-2: Ball 3-2: Strikes out swinging
|
Batting: LHB Ethan Shaw
|
0-0: Ball 1-0: Ball 2-0: Ball 3-0: Called Strike 3-1: Base on Balls
|
Batting: LHB Mark Spencer
|
0-0: Called Strike 0-1: Ball 1-1: Foul Ball, location: 2F 1-2: Fly out, F6 (Popup, 6MD)
|
Batting: RHB John Jones
|
0-0: Swinging Strike 0-1: Swinging Strike 0-2: Ball 1-2: Foul Ball, location: 2F 1-2: Fly out, F7 (Flyball, 78S)
|
Top of the 8th over - 0 run(s), 0 hit(s), 0 error(s), 1 left on base; Colorado 8 - Oklahoma State 0 |
BOTTOM OF THE 8TH |
Oklahoma State Cowboys batting - Pitching for Colorado Buffaloes : LHP Matt McDonald
|
Batting: LHB Bill Bryan
|
0-0: Ball 1-0: Ball 2-0: Called Strike 2-1: Foul Ball, location: 2F 2-2: Ground out 5-3 (Groundball, 56)
|
Batting: RHB John Lynch
|
0-0: Foul Ball, location: 2F 0-1: Ground out 5-3 (Groundball, 56)
|
Batting: LHB Cristián Rodríguez
|
0-0: Called Strike 0-1: Ball 1-1: Fly out, F7 (Flyball, 7LM)
|
Bottom of the 8th over - 0 run(s), 0 hit(s), 0 error(s), 0 left on base; Colorado 8 - Oklahoma State 0 |
TOP OF THE 9TH |
Colorado Buffaloes batting - Pitching for Oklahoma State Cowboys : RHP Ryan Park
|
Batting: LHB Jack Jefferson
|
0-0: Ball 1-0: Foul Ball, location: 2F 1-1: Foul Ball, location: 2F 1-2: Ball 2-2: Ground out 1-3 (Groundball, 13S)
|
Batting: SHB Caleb Hart
|
0-0: Called Strike 0-1: SINGLE (Line Drive, 7S)
|
Batting: RHB Roger Lamb
|
0-0: Ball 1-0: Fielders Choice at 2nd, 6-4 (Groundball, 6M)
|
Batting: RHB Eddie Woods
|
0-0: Called Strike 0-1: Ball 1-1: Ball 2-1: Swinging Strike 2-2: Foul Ball, location: 2F 2-2: Ball 3-2: Foul Ball, location: 2F 3-2: Foul Ball, location: 2F 3-2: Base on Balls Roger Lamb to second
|
Batting: LHB Marcos Fontanez
|
0-0: Ball 1-0: Called Strike Roger Lamb is caught stealing 3rd base
|
Top of the 9th over - 0 run(s), 1 hit(s), 0 error(s), 0 left on base; Colorado 8 - Oklahoma State 0 |
BOTTOM OF THE 9TH |
Oklahoma State Cowboys batting - Pitching for Colorado Buffaloes : LHP Matt McDonald
|
Batting: LHB Horace Kramer
|
0-0: Ball 1-0: Swinging Strike 1-1: Ball 2-1: Ball 3-1: Base on Balls
|
Batting: RHB Ryan Williams
|
0-0: Ball 1-0: Called Strike 1-1: Foul Ball, location: 2F 1-2: SINGLE (Groundball, 5D) Horace Kramer to second
|
Batting: RHB Joe Sulley
|
0-0: Ball 1-0: Ball 2-0: Called Strike 2-1: Ball 3-1: Base on Balls Horace Kramer to third Ryan Williams to second
|
Batting: LHB Bryan Davis
|
0-0: Called Strike 0-1: SINGLE (Line Drive, 8LS) Horace Kramer scores Ryan Williams to third Joe Sulley to second
|
Batting: LHB César Colón
|
0-0: Ball 1-0: Swinging Strike 1-1: Hit by Pitch Ryan Williams scores Joe Sulley to third Bryan Davis to second
|
Batting: RHB Augusto Padilla
|
0-0: Ball 1-0: Swinging Strike 1-1: Foul Ball, location: 2F 1-2: Foul Ball, location: 2F 1-2: Strikes out swinging
|
Batting: LHB Bill Bryan
|
0-0: Foul Ball, location: 2F 0-1: Swinging Strike 0-2: Strikes out looking
|
Batting: RHB John Lynch
|
0-0: Fielders Choice at 2nd, U4 (Groundball, 4M)
|
Bottom of the 9th over - 2 run(s), 2 hit(s), 0 error(s), 3 left on base; Colorado 8 - Oklahoma State 2 |
|